 Dungeon Crawl Stone Soup version 0.32-a0-441-gaf4921d101 (webtiles) character file.

Game seed: 10736379894029104882

2104 Morbidden the Conjurer (level 9, -1/53 (58) HPs)
             Began as an Octopode Conjurer on Feb 23, 2024.
             Was a Priest of Vehumet.
             Killed by divine providence
             ... invoked by an orc priest
              (12 damage)
             ... on level 7 of the Dungeon.
             The game lasted 00:10:06 (6533 turns).

Morbidden the Conjurer (Octopode Conjurer)          Turns: 6533, Time: 00:10:07

HP:   -1/53 (58)    AC:  3    Str:  7    XL:     9   Next: 28%
MP:   3/16          EV: 17    Int: 30    God:    Vehumet [***...]
Gold: 430           SH:  8    Dex: 16    Spells: 11/18 levels left

rFire   . . .        b - +2 long sword (venom)
rCold   + . .        n - +0 kite shield of Viusuamp {Int+6}
rNeg    . . .        e - +2 hat
rPois   .            q - amulet of regeneration
rElec   .            g - +4 ring of slaying
rCorr   .            i - ring of wizardry
SInv    .            s - +6 ring of dexterity
Will    .....        v - ring of protection from cold
Stlth   ++++         K - +5 ring of evasion
HPRegen 1.08/turn    (no ring)
MPRegen 0.15/turn    (no ring)
                     (no ring)

%: wizardry (x1)
@: drained
A: almost no armour, amphibious, 8 rings, camouflage 1, gelatinous body 1,
(nimble swimmer 1), tentacles
a: Renounce Religion


You were on level 7 of the Dungeon.
You worshipped Vehumet.
Vehumet was most pleased with you.
You visited 2 branches of the dungeon, and saw 8 of its levels.
You also visited: Sewer.

You collected 430 gold pieces.

Inventory:

Hand Weapons
 a - a +0 dagger of venom
 b - a +2 long sword of venom (weapon)
 k - a +2 short sword of speed
Missiles
 r - 2 throwing nets
Armour
 e - a +2 hat (worn)
 n - the +0 kite shield of Viusuamp (worn) {Int+6}
   (You found it on level 5 of the Dungeon)

   Int+6:     It affects your intelligence (+6).
 C - a +0 buckler
Jewellery
 g - a +4 ring of slaying (left tentacle)
 i - a ring of wizardry (right tentacle)
 q - an amulet of regeneration (around mantle)
 s - a +6 ring of dexterity (on tentacle)
 v - a ring of protection from cold (on tentacle)
 y - a ring of fire
 K - a +5 ring of evasion (on tentacle)
Talismans
 E - a serpent talisman
Wands
 m - a wand of roots (2)
 B - a wand of flame (8)
Scrolls
 d - 2 scrolls of blinking
 j - 4 scrolls of brand weapon
 l - 4 scrolls of teleportation
 p - a scroll of revelation {unknown}
 u - a scroll of torment
 x - 2 scrolls of immolation
 z - 2 scrolls of noise {unknown}
 A - a scroll of identify
 F - a scroll of enchant armour
 G - a scroll of amnesia
Potions
 c - a potion of magic
 f - a potion of mutation {unknown}
 h - a potion of haste {unknown}
 o - 2 potions of brilliance {unknown}
 t - a potion of might {unknown}
 w - 3 potions of enlightenment
 D - a potion of degeneration {unknown}
 H - a potion of invisibility {unknown}
 I - a potion of lignification {unknown}
 J - a potion of cancellation {unknown}


   Skills:
 * Level 3.7 Fighting
 + Level 2.6(3.0) Short Blades
 * Level 1.9(2.6) Long Blades
 * Level 4.4 Dodging
 + Level 5.9 Stealth
 * Level 1.5 Shields
 * Level 5.2 Spellcasting
 * Level 6.9 Conjurations
 * Level 3.2 Translocations
 + Level 0.4 Evocations
 * Level 1.6 Shapeshifting


You had 11 spell levels left.
You knew the following spells:

 Your Spells              Type           Power      Damage    Failure   Level
a - Magic Dart            Conj           100%       1d8       1%          1
b - Searing Ray           Conj           98%        2d8       1%          2
z - Iskenderun's Mystic   Conj/Tloc      38%        2d9       5%          4

Your spell library contained the following spells:

 Spells                   Type           Power      Damage    Failure   Level
 Hailstorm                Conj/Ice       28%        3d8       3%          3
 Fulminant Prism          Conj/Alch      14%        3d8       11%         4
 Cigotuvi's Dreadful Rot  Necr/Alch/Air  14%        N/A       26%         2
 Dispel Undead            Necr           7%         3d8       83%         4
 Martyr's Knell           Necr/Summ      7%         N/A       83%         4
 Death Channel            Necr           3%         N/A       100%        6
 Haunt                    Necr/Summ      3%         N/A       100%        7
 Borgnjor's Revivificati  Necr           3%         N/A       100%        8
 Death's Door             Necr           3%         N/A       100%        9


Dungeon Overview and Level Annotations

Branches:
Dungeon (7/15)             Temple (1/1) D:4           Sewer (visited)

Altars:
Ashenzari
Cheibriados
Elyvilon
Gozag
Hepliaklqana
Kikubaaqudgha
Makhleb
Okawaru
Qazlal
Ru
Sif Muna
Vehumet
Xom
Yredelemnul
Zin
The Shining One
Beogh

Shops:
D:4 (

Annotations:
D:5 rossyrg's ghost, amateur MDFE
Temple 2 transporters


Innate Abilities, Weirdness & Mutations

You cannot wear most types of armour.
You are amphibious.
You can wear up to eight rings at the same time.
Your skin changes colour to match your surroundings (Stealth+).
Your rubbery body absorbs attacks. (AC +1, EV +1)
((You are camouflaged when in or above water. (Stealth+)))
You have tentacles for arms and can constrict up to eight enemies at once.


Message History

You block the wight's attack. You block the orc's attack.
Unknown command.
You slash the orc!
You kill the orc!
Vehumet accepts your kill.
Vehumet is now aiding your destructive spells.
You feel your power returning.
The wight hits you from afar with a +4 trident.
You feel drained.
The orc wizard mumbles some strange words.
The orc wizard flickers and vanishes!
Deactivating autopickup; reactivate with Ctrl-A.
The wight closely misses you.
Unknown command.
An orc priest comes into view. It is wielding a +0 short sword.
The wight hits you with a +4 trident!
Unknown command.
You hit the wight. Your grab misses the wight. Your squeeze misses the wight.
The wight is lightly damaged.
The wight hits you with a +4 trident!
You feel drained.
A wight comes into view. It is wielding a +3 short sword.
The wight hits you with a +4 trident!
* * * LOW HITPOINT WARNING * * *
You feel drained.
* * * LOW HITPOINT WARNING * * *
Casting: Searing Ray (safe; 1% risk of failure)
Confirm with . or Enter, or press ? or * to list all spells.
Aiming: Searing Ray (safe; 1% risk of failure)
Press: ? - help, Shift-Dir - straight line, f - wight
Aim: a wight, wielding a +4 trident and wearing a +0 robe (lightly damaged, 83% to hit)
The searing ray hits the wight!
The wight is heavily damaged.
The searing ray hits the orc priest!
The orc priest is severely wounded.
The searing ray hits the wight!
The wight is heavily damaged. (Press . to maintain the ray.)
The orc priest calls down the wrath of Beogh upon you.
Beogh smites you!
You die...

##.# #####.#####.#
...## #..>z....##.#
....###.###h##.##.#
........# #.).....#
...###### ####.####
...# #.zz# ...#
###o# ...# #z# .###
#@# .# #.# . #.#
#.# #.# #.# #.# ..#
###


You could see 3 wights and an orc priest.

Vanquished Creatures
  A troll (D:6)
  A black bear (D:7)
  2 crocodiles (Sewer)
  A centaur (D:6)
  2 phantoms
  4 scorpions
  5 wights (D:7)
  2 bombardier beetles (D:5)
  A jelly (D:7)
  4 hounds (D:5)
  An orc priest (D:5)
  4 iguanas
  Ijyb (D:3)
  4 orc wizards
  A malarious merfolk avatar (Sewer)
  A sickly merfolk siren (Sewer)
  7 gnolls
  12 adders
  2 river rats (Sewer)
  2 ufetubi (D:5)
  2 ribbon worms
  3 dart slugs
  23 orcs
  4 endoplasms
  7 giant cockroaches
  8 goblins
  7 hobgoblins
  12 quokkas
  9 ball pythons
  9 bats
  10 frilled lizards
  9 kobolds
  26 rats
187 creatures vanquished.

Vanquished Creatures (collateral kills)
  An orc priest (D:5)
  5 orcs (D:5)
6 creatures vanquished.

Vanquished Creatures (others)
  2 foxfires (D:5)
2 creatures vanquished.

Grand Total: 195 creatures vanquished

Notes
Turn   | Place    | Note
-------+----------+-------------------------------------------
     0 | D:1      | Morbidden the Octopode Conjurer began the quest for the
                  | Orb.
     0 | D:1      | Reached XP level 1. HP: 11/11 MP: 3/3
   121 | D:1      | Reached XP level 2. HP: 17/17 MP: 0/5
   397 | D:1      | Learned a level 2 spell: Searing Ray
   586 | D:1      | Reached XP level 3. HP: 22/22 MP: 3/6
   620 | D:1      | Reached skill level 1 in Fighting
  1115 | D:2      | Reached XP level 4. HP: 23/28 MP: 1/7
  1120 | D:2      | Reached skill level 5 in Conjurations
  1370 | D:2      | Learned a level 4 spell: Iskenderun's Mystic Blast
  1896 | D:2      | Reached XP level 5. HP: 33/33 MP: 4/8
  2173 | D:3      | Noticed Ijyb
  2184 | D:3      | Killed Ijyb
  2277 | D:3      | Found an iron altar of Okawaru.
  2279 | D:3      | Found a sacrificial altar of Ru.
  2638 | D:3      | Found a faded altar of an unknown god.
  2903 | D:3      | Found a glowing golden altar of the Shining One.
  3177 | D:4      | Found a white marble altar of Elyvilon.
  3196 | D:4      | Reached XP level 6. HP: 39/39 MP: 1/10
  3460 | D:4      | Found a staircase to the Ecumenical Temple.
  3501 | D:4      | Found Gaggec's Weapon Shop.
  3534 | Temple   | Found a transporter.
  3534 | Temple   | Found a transporter.
  3534 | Temple   | Found a transporter.
  3534 | Temple   | Found a transporter.
  3534 | Temple   | Entered the Ecumenical Temple
  3578 | Temple   | Became a worshipper of Vehumet
  3720 | D:4      | Reached skill level 1 in Translocations
  3779 | D:4      | Reached skill level 1 in Short Blades
  3877 | D:4      | Found a basalt altar of Yredelemnul.
  4066 | D:5      | Entered Level 5 of the Dungeon
  4108 | D:5      | Identified the +0 robe "Huomnoak" {^Drain Will+++ Str-2
                  | Archmagi}
  4110 | D:5      | Found a glowing drain.
  4119 | Sewer    | Entered a sewer
  4225 | Sewer    | Reached * piety under Vehumet
  4225 | Sewer    | Offered knowledge of Sting by Vehumet.
  4226 | Sewer    | Reached XP level 7. HP: 38/45 MP: 7/12
  4347 | Sewer    | Reached skill level 6 in Conjurations
  4532 | Sewer    | Offered knowledge of Freeze by Vehumet.
  4533 | Sewer    | Reached ** piety under Vehumet
  4811 | D:5      | Found a runed translucent gate.
  4812 | D:5      | Found a runed translucent gate.
  4812 | D:5      | Identified the +4 mace of Arrival {freeze, rF+ Str-3 Int+5}
  4812 | D:5      | Identified the +1 ring mail "Guidy" {*Corrode Will++ Int+9
                  | Dex-5}
  4814 | D:5      | Found a runed translucent gate.
  4815 | D:5      | Found a roughly hewn altar of Beogh.
  4817 | D:5      | Noticed rossyrg's ghost (amateur MDFE)
  4900 | D:5      | Reached XP level 8. HP: 51/51 MP: 14/14
  4978 | D:5      | Found a broken altar of Ashenzari.
  5356 | D:5      | Offered knowledge of Hailstorm by Vehumet.
  5373 | D:5      | Identified the +0 kite shield of Viusuamp {Int+6}
  5536 | D:6      | Found an ancient bone altar of Kikubaaqudgha.
  5542 | D:6      | Reached skill level 5 in Stealth
  5820 | D:6      | Noticed a troll
  5833 | D:6      | Killed a troll
  5834 | D:6      | Reached skill level 1 in Shields
  5834 | D:6      | Reached skill level 5 in Spellcasting
  5834 | D:6      | Reached skill level 1 in Shapeshifting
  5942 | D:6      | Reached skill level 1 in Long Blades
  6184 | D:7      | Reached XP level 9. HP: 55/57 MP: 16/16
  6528 | D:7      | Reached *** piety under Vehumet
  6533 | D:7      | Killed from afar by an orc priest

Illustrated notes

Levels and vault maps discovered:
D:1:      dpeg_arrival_rooms_a, layout_rooms, serial_bayou_pond_c,
          minmay_misc_feat_doors, nicolae_the_louvre
D:2:      minmay_alternating_diamond, layout_basic,
          hangedman_decor_diamond_cutter
D:3:      layout_basic, tso_oasis_becter, nicolae_overflow_hidden_temple,
          shapermc_ecumenical_altar_starsandcircs, uniq_ijyb
D:4:      layout_loops_ring, nicolae_elyvilon_temple_path,
          mainiacjoe_overflow_surrounded_room, minmay_temple_entry_water_ring,
          serial_aquarium, aquarium_bridge_long_joined
          [aquarium_subvault_window, aquarium_subvault_window,
          aquarium_subvault_wall, aquarium_subvault_balcony,
          aquarium_subvault_bridge, aquarium_subvault_wall],
          aquarium_bridge_square [aquarium_subvault_balcony,
          aquarium_subvault_bridge, aquarium_subvault_wall,
          aquarium_subvault_bridge], aquarium_window_fake, aquarium_window_fake,
          aquarium_window_2, aquarium_window_1, aquarium_view_2f,
          aquarium_pool_2, serial_shops, shop
D:5:      layout_rooms, nicolae_ashenzari_skybound, portal_sewer_entry_f,
          biasface_ghost_orc_armoury, kennysheep_generic_room_3
D:6:      layout_basic, mainiacjoe_overflow_boulevard
D:7:      layout_loops_cross, mainiacjoe_overflow_chevrons,
          hellmonk_ghost_happy_afterlife
Temple:   hellmonk_temple_divided_pantheon

Skill      XL: |  1  2  3  4  5  6  7  8 |
---------------+-------------------------+-----
Fighting       | 1 2 3 |  3.7
Conjurations   | 5 6 |  6.9
Spellcasting   | 3 4 5 |  5.2
Stealth        | 3 4 5 |  5.9
Translocations | 1 2 3 |  3.2
Short Blades   | 1 2 |  2.6
Dodging        | 3 4 |  4.4
Shields        | 1 |  1.5
Shapeshifting  | 1 |  1.6
Long Blades    | 1 |  1.9
Evocations     | |  0.4

Action                     |  1- 3 |  4- 6 |  7- 9 || total
---------------------------+-------+-------+-------++-------
  Melee: Unarmed           |     6 |       |       ||     6
         Constrict         |     3 |    17 |    23 ||    43
         Tentacles         |     1 |    12 |    21 ||    34
         Dagger            |     7 |    60 |    59 ||   126
         Long sword        |       |       |    26 ||    26
   Cast: Magic Dart        |    57 |   113 |    79 ||   249
         Searing Ray       |     1 |     4 |    12 ||    17
  Evoke: Wand              |       |     1 |     1 ||     2
    Use: Scroll            |       |       |     9 ||     9
   Stab: Sleeping          |       |       |     7 ||     7
 Armour: Skin              |     6 |    31 |    50 ||    87
  Dodge: Dodged            |    13 |    31 |    66 ||   110
  Block: Kite shield       |       |       |    22 ||    22
         Buckler           |       |       |     4 ||     4

Table legend: (Time is in decaauts)
 A = Elapsed time spent in this place.
 B = Non-inter-level travel time spent in this place.
 C = Inter-level travel time spent in this place.
 D = Time resting spent in this place.
 E = Time spent auto-exploring this place.
 F = Levels seen in this place.
 G = Mean time per level.
                   A        B        C        D        E       F      G
               +--------+--------+--------+--------+--------+-----+--------+
         Total |   6539 |   6318 |    221 |    340 |   4892 |   9 |  726.6 |
       Dungeon |   5904 |   5700 |    204 |    326 |   4489 |   7 |  843.4 |
        Temple |     62 |     45 |     17 |      0 |      0 |   1 |   62.0 |
         Sewer |    572 |    572 |      0 |     14 |    403 |   1 |  572.0 |
               +--------+--------+--------+--------+--------+-----+--------+

Top non-repeatable levels by time:
     D:2: 1173 daAuts
     D:4: 946 daAuts
     D:3: 942 daAuts
     D:1: 938 daAuts
     D:5: 785 daAuts
     D:6: 749 daAuts
   Sewer: 572 daAuts
     D:7: 369 daAuts
  Temple: 62 daAuts
